 Dungeon Crawl Stone Soup version 0.24-a0-545-gd1b266b (webtiles) character file.

Game seed: 6068500222056265621

11839 Charmandara the Slinger (level 11, 0/55 HPs)
             Began as a Spriggan Ice Elementalist on Aug 18, 2019.
             Was a High Priest of Nemelex Xobeh.
             Hit by a large rock thrown by a stone giant (16 damage)
             ... on level 1 of the Orcish Mines.
             The game lasted 00:44:31 (13808 turns).

Charmandara the Slinger (SpIE)                     Turns: 13808, Time: 00:44:31

Health: 0/55       AC:  8    Str:  6    XL:     11   Next: 54%
Magic:  18/18      EV: 24    Int: 18    God:    Nemelex Xobeh [*****.]
Gold:   637        SH:  0    Dex: 17    Spells: 4/18 levels left

rFire    . . .     SeeInvis +   a - +2 rapier (drain)
rCold    . . .     Gourm    .   (shield restricted)
rNeg     . . .     Faith    .   L - +2 troll leather armour {regen}
rPois    .         Spirit   .   (helmet restricted)
rElec    .         Reflect  .   (no cloak)
rCorr    .         Harm     .   (gloves unavailable)
MR       ++...     Clarity  +   (boots unavailable)
Stlth    +++.......             (no amulet)
HPRegen  0.58/turn              j - ring of attention (curse)
MPRegen  0.16/turn              x - ring of protection from magic {MR+, !d}

@: very quick
A: very small, unfitting armour, hooves 1, icy blue scales 1, see invisible,
clarity, herbivore, speed 3, slow metabolism 2
a: Draw Escape, Draw Destruction, Draw Summoning, Triple Draw, Deal Four, Stack
Five, Renounce Religion


You were on level 1 of the Orcish Mines.
You worshipped Nemelex Xobeh.
Nemelex Xobeh was extremely pleased with you.
You were not hungry.

You visited 4 branches of the dungeon, and saw 15 of its levels.
You also visited: Ossuary.

You collected 637 gold pieces.

Inventory:

Hand Weapons
 a - a +2 rapier of draining (weapon)
   (You took it off Eustachio on level 6 of the Dungeon)
 b - a +1 hunting sling of freezing
   (You found it on level 2 of the Dungeon)
 B - a +0 dagger
   (You found it on level 2 of the Dungeon)
Missiles
 e - 81 bolts
 i - 50 sling bullets
 k - 206 stones
 m - 22 boomerangs
 n - 257 arrows
 t - 29 poisoned darts (quivered)
 z - a throwing net {=f, !d}
Armour
 f - a +2 robe
 L - a +2 troll leather armour (worn) {regen}
   (You found it on level 9 of the Dungeon)
Jewellery
 h - an uncursed ring of teleportation {+/*tele, !d}
   (You found it on level 1 of the Dungeon)
 j - a cursed ring of attention (left hand)
   (You found it on level 5 of the Dungeon)
 x - a ring of protection from magic (right hand) {MR+, !d}
   (You found it on level 5 of the Dungeon)
 M - an uncursed ring of ice {unknown}
   (You found it on level 11 of the Dungeon)
Wands
 y - a wand of paralysis (2)
   (You found it on level 5 of the Dungeon)
 F - a wand of random effects (24)
   (You found it on level 10 of the Dungeon)
Scrolls
 g - 4 scrolls of immolation {!r}
 p - 10 scrolls of remove curse
 r - 6 scrolls of identify
 v - 7 scrolls of teleportation
 w - a scroll of amnesia
 A - a scroll of blinking {!r}
 H - a scroll of fear
Potions
 d - a potion of cancellation
 l - 4 potions of lignification {!q}
 o - a potion of haste
 q - a potion of agility
 s - 2 potions of might
 u - 2 potions of curing
 C - 3 potions of flight
 D - 2 potions of heal wounds
 E - 3 potions of brilliance
 G - a potion of magic
 I - a potion of mutation {!q}
 J - a potion of resistance
 K - 2 potions of invisibility
Comestibles
 c - 13 rations


   Skills:
 + Level 5.0 Fighting
 * Level 8.4 Short Blades
 * Level 11.1 Slings
 + Level 10.2 Dodging
 + Level 10.6 Stealth
 - Level 4.0 Spellcasting
 - Level 0.6 Conjurations
 - Level 3.1 Charms
 - Level 3.0 Ice Magic
 + Level 6.4 Invocations
 - Level 3.0 Evocations


You had 4 spell levels left.
You knew the following spells:

 Your Spells              Type           Power        Failure   Level  Hunger
a - Freeze                Ice            ##..         7%          1    None
b - Summon Ice Beast      Ice/Summ       #.......     77%         4    ####...
c - Throw Icicle          Conj/Ice       ##......     73%         4    ####...
x - Throw Frost           Conj/Ice       ##....       17%         2    ##.....
A - Ozocubu's Armour      Chrm/Ice       ##......     19%         3    ###....

Your spell library contained the following spells:

 Spells                   Type           Power        Failure   Level  Hunger


Dungeon Overview and Level Annotations

Branches:
Dungeon (12/15)            Temple (1/1) D:5            Lair (1/6) D:9
    Orc (1/2) D:11

Altars:
Ashenzari
Cheibriados
Dithmenos
Elyvilon
Fedhas
Gozag
Hepliaklqana
Kikubaaqudgha
Makhleb
Nemelex Xobeh
Okawaru
Qazlal
Ru
Sif Muna
Trog
Uskayaw
Vehumet
Wu Jian
Xom
Yredelemnul
Zin
The Shining One

Shops:
D:9 }[

Annotations:
Lair:1 3 runed translucent doors, Vaobbi's ghost, journeyman TrMo


Innate Abilities, Weirdness & Mutations

You are very small and have problems with some larger weapons.
You are too small for most types of armour.
You have supernaturally acute eyesight. (SInv)
You are a herbivore.
You cover ground extremely quickly.
You need to consume almost no food.
You have large cloven feet.
You are partially covered in icy blue scales. (AC +2)
You possess an exceptional clarity of mind.


Message History

a +0 hand axe; a +0 ring mail
Things that are here:
a +0 trident; a cursed +0 scale mail You open the door.
Found a staircase to the Orcish Mines.
Unknown command.
Unknown command.
There is an open door here.
You now have 556 gold pieces (gained 15).
You now have 565 gold pieces (gained 9).
You now have 573 gold pieces (gained 8).
You now have 587 gold pieces (gained 14).
You now have 593 gold pieces (gained 6).
You now have 611 gold pieces (gained 18).
You now have 622 gold pieces (gained 11).
You now have 637 gold pieces (gained 15).
There is an open door here.
Things that are here:
a +0 trident; a cursed +0 scale mail You see here a +0 short sword.
Done exploring.
Done exploring.
Unknown command.
Done exploring.
You eat one of the 14 rations.
That ration really hit the spot!
(D) Dungeon (T) Temple (L) Lair (O) Orcish Mines
Where to? (Enter - D:10 @ (x,y), ? - help)
Okay, then.
Unknown command.
(D) Dungeon (T) Temple (L) Lair (O) Orcish Mines
Where to? (Enter - D:10 @ (x,y), ? - help)
What level of the Orcish Mines? (default 1, ? - help)
You see here a +2 hand axe of electrocution.
Things that are here:
a +0 mace; a +0 leather armour
Things that are here:
a +0 hand axe; a +0 leather armour
Things that are here:
a +0 trident; a cursed +0 scale mail
There is an open door here.
There is a staircase to the Orcish Mines here.
You climb downwards.
Welcome to the Orcish Mines!
Nemelex Xobeh deals you some cards!
You now have 13 escape cards, 26 destruction cards and 5 summoning cards.
A stone giant comes into view.
The stone giant shouts!
You hear a shout! x6
Found 39 gold pieces.
Found a stone staircase leading down.
There is a staircase back to the Dungeon here.
Unknown command.
Unknown command.
Unknown command.
Okay, then.
Okay, then.
Aim: a stone giant (chance to defeat MR: 10%)
Okay, then.
You draw a card...
You have drawn the Rangers.
The stone giant throws a large rock.
The large rock hits you but does no damage.
What are your orders? t - Shout!
Orders for allies: a - Attack new target. r - Retreat! s - Stop attacking. g - Guard the area. f - Follow me.
Anything else - Cancel.
Gang up on whom?
Aim: a stone giant Attack!
The stone giant throws a large rock.
The large rock hits your faun!
An orc warrior comes into view. It is wielding a +0 flail.
You swap places.
There is a stone staircase leading down here. 2 orc warriors come into view.
An orc warrior is wielding a +1 halberd of protection.
An orc knight comes into view. It is wielding a +0 long sword.
Your faun points at the stone giant and mumbles some strange words.
The stone giant resists with almost no effort.
The orc warrior throws a silver boomerang.
The silver boomerang hits your faun!
The weapon returns to the orc warrior!
The stone giant throws a large rock.
The large rock barely misses your faun. The large rock hits you!!!
Ouch! That really hurt!
* * * LOW HITPOINT WARNING * * *
Your yaktaur wields a +0 arbalest.
Your yaktaur shoots a bolt.
The bolt hits the stone giant!!
The bolt disappears in a puff of smoke!
You see here a large rock {!d}.
You take 40 damage, and have 15/55 hp.
MASSIVE DAMAGE!!
Unknown command.
An orc comes into view. It is wielding a +0 short sword.
There is a staircase back to the Dungeon here.
You see here a large rock {!d}.
Unknown command.
Your faun gestures at the stone giant while chanting.
The stone giant resists with almost no effort.
A silver boomerang appears from out of your range of vision.
The silver boomerang misses your faun.
The stone giant throws a large rock.
The large rock closely misses your faun.
The large rock hits you!
You die...
Your body glows with a rainbow of weird colours and disappears.

................
................
................
.....#..........
...............
.. #............
....#...........
......c@>.......
.......c(.......
#...............
##...c..........
..#.C........#.#
........$.#...##
.oo#...o...#.##
.O.......o.###
...o.....#


You could see a stone giant, an orc knight, 2 orc warriors, an ogre, an orc, a
friendly faun and 2 friendly yaktaurs.

Vanquished Creatures
  A hydra (D:11)
  2 two-headed ogres
  An ugly thing (D:11)
  A cyclops (D:10)
  A queen bee (D:8)
  A troll (D:11)
  A hornet (D:8)
  A hippogriff (D:10)
  A vampire (D:11)
  2 wraiths (Ossuary)
  A shadow (D:11)
  4 yaks
  A hungry ghost (D:11)
  3 water moccasins
  3 orc warriors
  5 ice beasts
  A black bear (D:11)
  2 phantoms
  3 ogres
  2 eyes of draining
  7 centaurs
  A crocodile (D:10)
  6 bullfrogs
  A wyvern skeleton (D:9)
  2 scorpions
  14 killer bees
  A wight (Ossuary)
  4 howler monkeys
  A crimson imp (D:7)
  2 jellies
  4 hounds
  5 orc priests
  2 bullfrog skeletons
  2 centaur skeletons
  9 orc wizards
  6 iguanas
  Natasha (thrice) (D:3)
  3 worker ants
  2 hound zombies
  A hound skeleton (D:8)
  A mummy (D:4)
  A howler monkey zombie (D:5)
  4 gnolls (D:5)
  13 adders
  2 shadow imps
  An ooze (D:2)
  4 adder skeletons
  3 worms (D:2)
  2 dart slugs
  5 leopard geckos
  32 orcs
  2 ball pythons
  4 giant cockroaches
  9 goblins
  10 hobgoblins
  11 jackals
  4 kobolds
  5 quokkas
  3 bats
  2 frilled lizards
  A hobgoblin zombie (Ossuary)
  2 kobold zombies (Ossuary)
  3 orc skeletons (Ossuary)
  2 orc zombies (Ossuary)
  7 rats
246 creatures vanquished.

Vanquished Creatures (collateral kills)
  A two-headed ogre (D:9)
  A troll (D:9)
  8 yaks
  A wyvern (D:9)
  Eustachio (D:6)
  An orc warrior (D:9)
  A necrophage (D:9)
  2 ogres (D:9)
  A water moccasin zombie (D:9)
  A scorpion (D:8)
  4 wights (D:7)
  An orc priest (D:7)
  2 orc wizards
  2 hounds
  A hound zombie (D:8)
  A gnoll (D:5)
  An adder (D:5)
  7 orcs
  A goblin (D:5)
  3 jackals (D:6)
  A kobold (D:5)
42 creatures vanquished.

Vanquished Creatures (others)
  6 killer bees (D:8)
  An orc (D:11)
7 creatures vanquished.

Grand Total: 295 creatures vanquished

Notes
Turn   | Place    | Note
-------+----------+-------------------------------------------
     0 | D:1      | Charmandara the Spriggan Ice Elementalist began the quest
                  | for the Orb.
     0 | D:1      | Reached XP level 1. HP: 9/9 MP: 5/5
   423 | D:1      | Reached XP level 2. HP: 10/13 MP: 2/6
   564 | D:1      | Reached skill level 3 in Spellcasting
   621 | D:1      | Found a sparkling altar of Nemelex Xobeh.
   629 | D:1      | Became a worshipper of Nemelex Xobeh the Trickster
   633 | D:1      | Learned a level 2 spell: Throw Frost
   823 | D:2      | Found a glowing silver altar of Zin.
   839 | D:2      | HP: 3/13 [worm (10)]
  1192 | D:2      | HP: 1/13 [worm (9)]
  1543 | D:2      | Reached XP level 3. HP: 13/16 MP: 4/8
  1617 | D:2      | Learned a level 3 spell: Ozocubu's Armour
  1639 | D:2      | Reached skill level 3 in Ice Magic
  1857 | D:2      | Reached skill level 1 in Slings
  1860 | D:2      | Reached XP level 4. HP: 20/21 MP: 3/9
  1967 | D:2      | Received a gift from Nemelex Xobeh
  2247 | D:2      | Reached skill level 1 in Charms
  2482 | D:2      | Found a shimmering blue altar of Sif Muna.
  2605 | D:3      | Reached skill level 4 in Stealth
  2695 | D:3      | Reached skill level 4 in Dodging
  2736 | D:3      | Reached skill level 1 in Invocations
  2863 | D:3      | Found an iron altar of Okawaru.
  3051 | D:3      | Reached skill level 2 in Slings
  3290 | D:3      | Reached * piety under Nemelex Xobeh
  3318 | D:3      | Noticed Natasha
  3323 | D:3      | Killed Natasha
  3323 | D:3      | Reached XP level 5. HP: 24/24 MP: 11/11
  3597 | D:3      | Noticed Natasha
  3608 | D:3      | Killed Natasha
  3770 | D:3      | Noticed Natasha
  3778 | D:3      | Killed Natasha
  3960 | D:4      | Found a sand-covered staircase.
  3981 | Ossuary  | Entered an ossuary
  4208 | Ossuary  | Noticed a flying skull
  4208 | Ossuary  | Noticed a flying skull
  4244 | Ossuary  | Noticed a wraith
  4254 | Ossuary  | Killed a wraith
  4254 | Ossuary  | Reached skill level 3 in Slings
  4254 | Ossuary  | Reached skill level 4 in Spellcasting
  4254 | Ossuary  | Reached skill level 2 in Charms
  4254 | Ossuary  | Reached skill level 2 in Invocations
  4254 | Ossuary  | Reached XP level 6. HP: 24/28 MP: 11/13
  4379 | Ossuary  | Noticed a wraith
  4403 | Ossuary  | HP: 5/28 [wraith (9)]
  4410 | Ossuary  | Gained mutation: You have large cloven feet. [potion of
                  | mutation]
  4410 | Ossuary  | Gained mutation: You possess an exceptional clarity of
                  | mind. [potion of mutation]
  4410 | Ossuary  | Gained mutation: You are partially covered in icy blue
                  | scales. (AC +2) [potion of mutation]
  4419 | Ossuary  | Killed a wraith
  4419 | Ossuary  | Reached skill level 4 in Slings
  4419 | Ossuary  | Reached skill level 5 in Dodging
  4419 | Ossuary  | Reached skill level 5 in Stealth
  4419 | Ossuary  | Reached skill level 3 in Charms
  4419 | Ossuary  | Reached XP level 7. HP: 22/32 MP: 12/14
  4472 | Ossuary  | Noticed a wraith
  4472 | Ossuary  | Noticed a flying skull
  4558 | D:4      | HP: 8/48 [mummy (9)]
  4894 | D:4      | Learned a level 4 spell: Summon Ice Beast
  4899 | D:4      | Learned a level 4 spell: Throw Icicle
  5145 | D:4      | Received a gift from Nemelex Xobeh
  5155 | D:4      | Found a shimmering altar of Xom.
  5548 | D:4      | Reached skill level 1 in Fighting
  5661 | D:5      | Entered Level 5 of the Dungeon
  5747 | D:5      | Reached skill level 5 in Slings
  6040 | D:5      | Reached skill level 6 in Dodging
  6040 | D:5      | Reached skill level 6 in Stealth
  6040 | D:5      | Reached skill level 3 in Invocations
  6104 | D:5      | Reached XP level 8. HP: 37/37 MP: 15/15
  6118 | D:5      | Found a staircase to the Ecumenical Temple.
  6209 | D:5      | Reached ** piety under Nemelex Xobeh
  6249 | D:5      | Found an ancient bone altar of Kikubaaqudgha.
  6409 | D:5      | Found a blossoming altar of Fedhas.
  6425 | D:5      | Reached skill level 6 in Slings
  6822 | Temple   | Entered the Ecumenical Temple
  7101 | D:6      | Noticed Eustachio
  7118 | D:6      | Killed Eustachio
  7118 | D:6      | Reached skill level 2 in Fighting
  7217 | D:6      | Received a gift from Nemelex Xobeh
  7292 | D:6      | Reached skill level 1 in Short Blades
  7309 | D:6      | Reached skill level 7 in Stealth
  7384 | D:6      | Reached skill level 7 in Dodging
  7462 | D:6      | Reached skill level 2 in Short Blades
  7614 | D:6      | Reached skill level 7 in Slings
  7651 | D:6      | Received a gift from Nemelex Xobeh
  7915 | D:6      | Reached skill level 4 in Invocations
  8064 | D:6      | Found a sparkling altar of Nemelex Xobeh.
  8439 | D:7      | Reached XP level 9. HP: 43/43 MP: 16/16
  8487 | D:7      | Received a gift from Nemelex Xobeh
  8600 | D:7      | Reached *** piety under Nemelex Xobeh
  8668 | D:7      | Reached skill level 3 in Short Blades
  8977 | D:7      | Received a gift from Nemelex Xobeh
  8987 | D:7      | Found an ornate altar of the Wu Jian Council.
  9174 | D:7      | Reached skill level 3 in Fighting
  9184 | D:7      | HP: 9/44 [orc priest/divine providence (12)]
  9521 | D:8      | Reached skill level 4 in Short Blades
  9523 | D:8      | Reached skill level 8 in Slings
  9523 | D:8      | Reached skill level 8 in Stealth
  9655 | D:8      | Reached skill level 8 in Dodging
  9907 | D:8      | Noticed a two-headed ogre
  9914 | D:8      | Killed a two-headed ogre
  9914 | D:8      | Reached skill level 5 in Short Blades
  9999 | D:8      | Found a stormy altar of Qazlal.
 10010 | D:8      | Reached skill level 5 in Invocations
 10016 | D:8      | Received a gift from Nemelex Xobeh
 10066 | D:8      | Reached XP level 10. HP: 49/49 MP: 15/17
 10161 | D:8      | Reached skill level 9 in Slings
 10391 | D:8      | Reached skill level 9 in Stealth
 10394 | D:8      | Reached skill level 6 in Short Blades
 10658 | D:9      | Found a staircase to the Lair.
 10703 | D:9      | Found Rishrygh's Antique Armour Shop.
 10704 | D:9      | Found a shadowy altar of Dithmenos.
 10712 | D:9      | Reached skill level 4 in Fighting
 10724 | D:9      | Noticed a two-headed ogre
 10730 | D:9      | Reached skill level 1 in Evocations
 10733 | D:9      | Killed a two-headed ogre
 10733 | D:9      | Reached skill level 9 in Dodging
 10737 | D:9      | Found Caesipep's Gadget Shoppe.
 10746 | D:9      | You fall into a shaft and drop 3 floors!
 10821 | D:10     | Entered Level 10 of the Dungeon
 10822 | D:10     | Reached skill level 2 in Evocations
 10971 | D:9      | Reached skill level 10 in Slings
 11115 | D:9      | Reached skill level 7 in Short Blades
 11495 | Lair:1   | Entered Level 1 of the Lair of Beasts
 11501 | Lair:1   | Found a runed translucent gate.
 11501 | Lair:1   | Noticed a spiny frog
 11502 | Lair:1   | Found a runed translucent gate.
 11502 | Lair:1   | Found a runed translucent gate.
 11507 | Lair:1   | Received a gift from Nemelex Xobeh
 11507 | Lair:1   | Noticed a black mamba
 11507 | Lair:1   | Noticed Vaobbi's ghost (journeyman TrMo)
 11518 | Lair:1   | Noticed a spiny frog
 11518 | Lair:1   | Noticed a black mamba
 11701 | D:10     | Reached **** piety under Nemelex Xobeh
 11983 | D:10     | Reached XP level 11. HP: 51/54 MP: 18/18
 12013 | D:10     | Reached skill level 3 in Evocations
 12072 | D:10     | Reached skill level 10 in Stealth
 12095 | D:10     | Received a gift from Nemelex Xobeh
 12102 | D:10     | Identified the +0 hand axe of Guilt {pain, *Corrode Str+4
                  | Dex+8}
 12119 | D:10     | Reached skill level 6 in Invocations
 12524 | D:11     | Received a gift from Nemelex Xobeh
 12526 | D:11     | Noticed a two-headed ogre
 12584 | D:11     | Killed a two-headed ogre
 12761 | D:11     | Reached skill level 8 in Short Blades
 12812 | D:11     | Noticed a four-headed hydra
 12831 | D:11     | Killed a four-headed hydra
 12831 | D:11     | Reached skill level 11 in Slings
 12831 | D:11     | Reached skill level 10 in Dodging
 13001 | D:11     | Received a gift from Nemelex Xobeh
 13049 | D:11     | Noticed a brown ugly thing
 13064 | D:11     | Killed a brown ugly thing
 13084 | D:11     | Reached ***** piety under Nemelex Xobeh
 13205 | D:11     | Reached skill level 5 in Fighting
 13496 | D:11     | Found a staircase to the Orcish Mines.
 13802 | Orc:1    | Entered Level 1 of the Orcish Mines
 13802 | Orc:1    | Received a gift from Nemelex Xobeh
 13802 | Orc:1    | Noticed a stone giant
 13806 | Orc:1    | Noticed an orc knight
 13808 | Orc:1    | Hit by a large rock thrown by a stone giant

Levels and vault maps discovered:
D:1:      onia_arrival_mini_maze, layout_basic, grunt_decor_one_mirror,
          nemelex_altar_shiori
D:2:      layout_loops_corners, lemuel_blue_sif_altar,
          nicolae_overflow_crystal_walls, lemuel_old_faithful
D:3:      layout_basic, okawaru_trees_2, first_ration, uniq_natasha
D:4:      layout_basic, lemuel_crystal_altar, gup_ossuary_entry_pyramid
D:5:      layout_loops_ring, fedhas_bush_and_centaur_altar,
          lemuel_coloured_pillars_altar, minmay_temple_entry_trees
D:6:      layout_layer_cave, kennysheep_mini_moat, hex_medium, uniq_eustachio
D:7:      layout_loops_corners, nicolae_overflow_hidden_temple
D:8:      layout_rooms, lemuel_crystal_altar, fungi_pond_lemuel, david_nohive_1,
          st_stairs_13, minmay_misc_feat_columns, hangedman_decor_points
D:9:      layout_cross, grunt_dithmenos_smoke, serial_shops, shop, shop,
          serial_gnoll_camp
D:10:     layout_roguey
D:11:     layout_layer_cave, hiddenorc1_lemuel, minmay_misc_feat_plants
D:12:     layout_small_grid
Temple:   hc_temple_tempest_star
Lair:1:   layout_regular_city, gammafunk_ghost_split
Orc:1:    layout_caves, basic_altar, trog_book

Skill      XL: |  1  2  3  4  5  6  7  8  9 10 11 |
---------------+----------------------------------+-----
Spellcasting   | 3 4 |  4.0
Ice Magic      | 3 |  3.0
Slings         | 1 2 3 4 5 7 8 10 11 | 11.1
Charms         | 1 2 3 |  3.1
Stealth        | 4 5 6 7 8 9 10 | 10.6
Dodging        | 4 5 6 7 8 9 10 | 10.2
Invocations    | 1 2 3 4 5 6 |  6.4
Fighting       | 1 2 3 4 5 |  5.0
Short Blades   | 2 5 7 8 |  8.4
Evocations     | 2 3 |  3.0
Conjurations   | |  0.6

Action                   |  1- 3 |  4- 6 |  7- 9 | 10-12 || total
-------------------------+-------+-------+-------+-------++-------
Melee: Whip              |    13 |       |       |       ||    13
       Dagger            |       |    63 |    14 |       ||    77
       Kick              |       |       |    20 |    60 ||    80
       Rapier            |       |       |   112 |   250 ||   362
 Fire: Hunting sling     |    28 |   114 |   290 |   157 ||   589
Throw: Dart              |       |       |     7 |    12 ||    19
 Cast: Freeze            |    44 |    12 |    81 |    16 ||   153
       Ozocubu's Armour  |       |     2 |     5 |     4 ||    11
       Throw Frost       |       |       |     4 |     1 ||     5
Invok: Triple Draw       |       |       |       |     1 ||     1
 Abil: Draw Destruction  |       |       |    13 |    13 ||    26
       Draw Summoning    |       |       |     6 |     6 ||    12
       Draw Escape       |       |       |     1 |     1 ||     2
Evoke: Wand              |       |       |     5 |    12 ||    17
  Use: Scroll            |     1 |     7 |     9 |     5 ||    22
       Potion            |       |    10 |     3 |       ||    13
 Stab: Sleeping          |       |     7 |     3 |     6 ||    16
       Paralysed         |       |       |     8 |     6 ||    14
       Distracted        |       |       |       |     1 ||     1
  Eat: Ration            |       |       |     3 |     2 ||     5
Armor: Robe              |     5 |    11 |    17 |    13 ||    46
       Skin              |       |       |     4 |       ||     4
       Troll leather arm |       |       |       |    18 ||    18
Dodge: Dodged            |    44 |    89 |   248 |   218 ||   599

Table legend:
 A = Non-vault XP
 B = Vault XP
 C = Vault XP percentage of total XP
 D = Non-vault monster count
 E = Vault monster count
 F = Vault count percentage of total count
                 A         B        C        D         E       F
            +---------+---------+-------+---------+---------+-------
      Total |   14962 |    1951 |  11.5 |     247 |      48 |  16.3
            +---------+---------+-------+---------+---------+-------
        D:1 |      24 |       0 |   0.0 |      13 |       0 |   0.0
        D:2 |     106 |       0 |   0.0 |      29 |       0 |   0.0
        D:3 |     135 |      35 |  20.6 |      20 |       1 |   4.8
        D:4 |     265 |      18 |   6.4 |      16 |       1 |   5.9
        D:5 |     563 |     112 |  16.6 |      27 |       1 |   3.6
        D:6 |     720 |     165 |  18.6 |      18 |       1 |   5.3
        D:7 |     855 |       0 |   0.0 |      18 |       0 |   0.0
        D:8 |    2648 |     848 |  24.3 |      26 |      15 |  36.6
        D:9 |    2523 |       0 |   0.0 |      35 |       0 |   0.0
       D:10 |    2774 |       0 |   0.0 |      21 |       0 |   0.0
       D:11 |    4349 |     278 |   6.0 |      24 |      18 |  42.9
    Ossuary |       0 |     495 | 100.0 |       0 |      11 | 100.0
            +---------+---------+-------+---------+---------+-------

Levels and vault maps discovered:
D:1:      onia_arrival_mini_maze, layout_basic, grunt_decor_one_mirror,
          nemelex_altar_shiori
D:2:      layout_loops_corners, lemuel_blue_sif_altar,
          nicolae_overflow_crystal_walls, lemuel_old_faithful
D:3:      layout_basic, okawaru_trees_2, first_ration, uniq_natasha
D:4:      layout_basic, lemuel_crystal_altar, gup_ossuary_entry_pyramid
D:5:      layout_loops_ring, fedhas_bush_and_centaur_altar,
          lemuel_coloured_pillars_altar, minmay_temple_entry_trees
D:6:      layout_layer_cave, kennysheep_mini_moat, hex_medium, uniq_eustachio
D:7:      layout_loops_corners, nicolae_overflow_hidden_temple
D:8:      layout_rooms, lemuel_crystal_altar, fungi_pond_lemuel, david_nohive_1,
          st_stairs_13, minmay_misc_feat_columns, hangedman_decor_points
D:9:      layout_cross, grunt_dithmenos_smoke, serial_shops, shop, shop,
          serial_gnoll_camp
D:10:     layout_roguey
D:11:     layout_layer_cave, hiddenorc1_lemuel, minmay_misc_feat_plants
D:12:     layout_small_grid
Temple:   hc_temple_tempest_star
Lair:1:   layout_regular_city, gammafunk_ghost_split
Orc:1:    layout_caves, basic_altar, trog_book

Table legend:
 A = Turns spent in this place as a percentage of turns spent in the entire game.
 B = Non-inter-level travel turns spent in this place as a percentage of non-inter-level travel turns spent in the entire game.
 C = Inter-level travel turns spent in this place as a percentage of turns spent in this place.
 D = Turns resting spent in this place as a percentage of non-inter-level travel turns spent in this place.
 E = Turns spent auto-exploring this place as a percentage of non-inter-level travel turns spent in this place.
 F = Non-inter-level travel turns spent in this place divided by the number of levels of this place that you've seen.
                   A       B       C       D       E      F
               +-------+-------+-------+-------+-------+----------------------
         Total | 100.0 | 100.0 |   5.3 |  18.5 |  53.8 | 817.6
       Dungeon |  94.3 |  94.1 |   5.5 |  17.7 |  54.9 | 1025.5
        Temple |   1.5 |   1.4 |   6.5 |   0.0 |  98.9 | 188.0
          Lair |   0.3 |   0.4 |   0.0 |   0.0 |   6.4 |  47.0
  Orcish Mines |   0.0 |   0.0 |   0.0 |   0.0 |   0.0 |   6.0
       Ossuary |   3.9 |   4.1 |   0.0 |  43.8 |  16.9 | 534.0
               +-------+-------+-------+-------+-------+----------------------

Table legend:
 A = Kills in this place as a percentage of kills in entire the game.
 B = Kills by you in this place as a percentage of kills by you in the entire game.
 C = Kills by friends in this place as a percentage of kills by friends in the entire game.
 D = Other kills in this place as a percentage of other kills in the entire game.
 E = Experience gained in this place as a percentage of experience gained in the entire game.
 F = Experience gained in this place divided by the number of levels of this place that you have seen.
                   A       B       C       D       E      F
               +-------+-------+-------+-------+-------+----------------------
         Total | 100.0 | 100.0 | 100.0 | 100.0 | 100.0 | 1057.1
       Dungeon |  96.3 |  95.5 | 100.0 | 100.0 |  97.1 | 1368.2
       Ossuary |   3.7 |   4.5 |   0.0 |   0.0 |   2.9 | 495.0
               +-------+-------+-------+-------+-------+----------------------
